Map: Thunderbird LE

Players

Smeeeger - Winner!

  • Race: Zerg Zerg
  • League: Platinum
  • Spawn Location: 5:00

Xorn

  • Race: Terran Terran
  • League: Platinum
  • Spawn Location: 11:00

VOD

Have the link to the VOD?

Description

Time

  • Played on: July 21, 2019, 10:05 a.m.
  • Length: 16:37
Show
View Real Time Build Order
Export as new Build Order

Smeeeger Zerg - Winner!

Build Orders: Hatch First, Roach Hydra, Swarm Host 

Get SALT Encoding   

  12  0:01  Drone  
  13  0:18  Overlord  
  13  0:19  Drone  
  14  0:36  Drone x2  
  14  0:40  Drone  
  17  0:52  Drone  
  18  1:02  Hatchery, Drone  
  18  1:05  Extractor  
  17  1:16  Spawning Pool  
  17  1:17  Drone  
  17  1:23  Drone  
  18  1:35  Drone  
  19  1:44  Overlord  
  19  2:08  Queen  
  19  2:09  Zergling x4  
  19  2:14  Queen  
  25  2:18  Drone  
  26  2:25  Overlord  
  26  2:27  Drone  
  26  2:28  Drone  
  28  2:41  Drone  
  28  2:42  Drone  
  30  2:50  Queen  
  32  2:56  Drone x2  
  34  3:01  Metabolic Boost  
  34  3:07  Hatchery  
  33  3:13  Roach Warren  
  33  3:17  Evolution Chamber  
  33  3:18  Overlord  
  31  3:23  Drone x2  
  32  3:39  Drone x3  
  34  3:42  Zergling x4  
  34  3:43  Zergling x2  
  34  3:45  Drone x3  
  40  3:51  Lair  
  40  3:55  Roach  
  42  4:04  Queen  
  42  4:06  Drone x2  
  42  4:08  Extractor  
  42  4:09  Extractor  
  44  4:21  Roach x4  
  52  4:25  Drone x3  
  52  4:26  Drone  
  55  4:52  Zerg Missile Weapons Level 1  
  55  4:55  Overlord x3  
  55  5:10  Overlord x2  
  55  5:13  Queen x2  
  59  5:18  Roach x3  
  59  5:19  Roach x2  
  67  5:31  Drone x3  
  67  5:34  Drone x2  
  67  5:35  Drone x5  
  77  5:41  Glial Reconstitution  
  77  5:44  Spore Crawler  
  77  5:46  Spore Crawler, Drone  
  77  5:47  Drone  
  77  5:49  Spore Crawler  
  77  5:50  Drone x2  
  68  6:17  Hydralisk Den  
  67  6:18  Drone  
  67  6:20  Roach x3  
  67  6:22  Ravager  
  75  6:26  Drone x3  
  75  6:27  Drone  
  75  6:30  Extractor  
  75  6:31  Drone x3  
  81  6:33  Overlord x2  
  81  6:34  Extractor  
  81  6:36  Extractor  
  79  6:48  Drone x2  
  79  6:49  Drone x2  
  79  6:50  Drone x2  
  79  6:52  Drone x2, Overlord x2  
  79  6:54  Roach  
  89  7:01  Muscular Augments  
  89  7:04  Drone x3  
  92  7:20  Hydralisk x5  
  102  7:24  Hatchery  
  101  7:30  Zerg Missile Weapons Level 2  
  101  7:42  Hatchery  
  100  7:44  Hydralisk  
  100  7:45  Hydralisk x3  
  100  7:46  Overlord  
  100  7:47  Overlord x2  
  100  7:48  Evolution Chamber  
  107  8:07  Hydralisk x6  
  119  8:13  Grooved Spines  
  119  8:36  Roach x4  
  117  8:58  Spore Crawler  
  116  9:06  Zerg Ground Armor Level 1  
  117  9:10  Drone x3  
  117  9:13  Hydralisk x15  
  149  9:19  Overlord x2  
  149  9:20  Overlord x2  
  122  9:33  Zergling x2  
  122  9:34  Zergling x22  
  118  9:42  Drone x6  
  118  9:43  Overlord x2  
  118  9:44  Queen  
  122  9:47  Burrow, Pneumatized Carapace  
  122  9:48  Overseer  
  122  9:53  Infestation Pit, Hydralisk  
  122  9:58  Drone x2  
  122  9:59  Drone  
  108  10:32  Roach x16  
  134  10:43  Nydus Network  
  134  10:49  Drone x2  
  133  10:51  Drone x2  
  133  10:53  Drone x2  
  133  10:54  Drone x3, Extractor  
  133  10:55  Drone  
  133  10:56  Drone x3, Extractor  
  142  11:01  Roach x2, Spine Crawler  
  145  11:06  Zerg Ground Armor Level 2  
  145  11:07  Zerg Melee Weapons Level 1  
  145  11:16  Swarm Host x6  
  145  11:17  Swarm Host x2  
  169  11:25  Overseer  
  161  12:14  Roach x19  
  199  12:27  Nydus Canal  
  199  13:20  Zergling x2  
  192  13:38  Hydralisk  
  192  13:39  Hydralisk x2  
  192  13:40  Hydralisk x16  
Show
View Real Time Build Order
Export as new Build Order

Xorn Terran 

Build Orders: Hellion Opening 

Get SALT Encoding   

  12  0:01  SCV  
  13  0:13  SCV  
  14  0:18  Supply Depot  
  14  0:25  SCV  
  15  0:40  SCV  
  15  0:41  Barracks  
  16  0:49  Refinery  
  16  0:52  SCV  
  17  1:04  SCV  
  18  1:16  SCV  
  19  1:30  Supply Depot, Orbital Command  
  19  1:31  Marine  
  20  1:59  Command Center  
  20  2:01  SCV  
  21  2:13  Factory  
  21  2:20  Barracks Reactor  
  21  2:27  Supply Depot  
  21  2:29  SCV  
  22  2:32  Refinery  
  22  2:44  SCV  
  22  3:01  Starport  
  22  3:02  SCV  
  22  3:04  Barracks Tech Lab  
  22  3:05  Hellion x2  
  27  3:14  SCV  
  28  3:25  Orbital Command  
  28  3:29  Hellion x2  
  31  3:40  Marauder  
  33  3:42  Orbital Command  
  33  3:47  Viking  
  35  3:50  Hellion x2  
  35  3:54  SCV  
  40  3:58  Supply Depot  
  40  4:14  Marauder  
  42  4:33  SCV x2  
  42  4:38  Marauder  
  44  4:45  Factory Tech Lab  
  38  5:06  Marauder  
  40  5:09  Cyclone  
  39  5:22  Bunker  
  39  5:25  SCV x2  
  39  5:35  Stimpack  
  39  5:37  Barracks  
  39  5:44  SCV x2  
  41  5:52  Supply Depot  
  41  5:53  Supply Depot  
  41  5:56  SCV  
  41  5:57  SCV  
  43  5:58  Supply Depot  
  42  6:09  SCV x2  
  41  6:12  Refinery  
  41  6:16  Refinery  
  41  6:20  Medivac  
  43  6:29  SCV x2  
  45  6:35  Marine x2  
  45  6:36  Cyclone  
  45  6:38  Marauder  
  52  6:43  Command Center  
  52  6:48  Engineering Bay  
  52  6:49  Engineering Bay  
  52  6:50  Barracks  
  52  6:51  Barracks  
  52  6:56  Marine x2  
  52  6:57  Medivac  
  52  6:59  Marauder  
  58  7:02  Supply Depot  
  58  7:03  SCV x2  
  58  7:04  Supply Depot  
  58  7:07  Supply Depot  
  60  7:15  SCV  
  60  7:16  SCV  
  62  7:23  Armory  
  62  7:25  Cyclone  
  62  7:26  Marine x2  
  62  7:28  Marauder, SCV x2  
  71  7:40  SCV x2  
  73  7:44  Marine x2  
  73  7:48  Combat Shield  
  73  7:50  Barracks Reactor x2  
  75  7:52  SCV x2  
  77  8:02  Marine x2  
  77  8:04  SCV  
  80  8:12  Marauder  
  82  8:13  Thor  
  88  8:20  Marine x2  
  90  8:30  Marine  
  90  8:31  Marine x3  
  90  8:32  SCV x3  
  90  8:34  Marauder  
  85  8:55  Thor, Marauder  
  83  8:57  Orbital Command  
  83  8:59  SCV  
  83  9:00  SCV  
  91  9:03  Marine x2  
  91  9:04  Marine x2  
  95  9:11  SCV  
  95  9:13  Starport Reactor  
  96  9:19  Marine x2  
  96  9:20  Marauder  
  96  9:21  Marine x3  
  96  9:22  Marine  
  91  9:34  SCV  
  91  9:35  SCV x2  
  79  9:46  SCV  
  79  9:47  SCV  
  79  9:48  Marine x2, Siege Tank  
  79  9:49  Marine x4, Marauder  
  92  9:56  Factory x2, SCV  
  92  9:59  SCV x2  
  95  10:02  Refinery x2  
  95  10:08  Armory  
  95  10:16  Medivac x2  
  95  10:17  Marine  
  95  10:18  Marine x4  
  95  10:20  Siege Tank, Terran Infantry Weapons Level 1  
  95  10:21  Terran Infantry Armor Level 1  
  98  10:41  SCV x3  
  99  10:46  Factory Tech Lab x2  
  99  11:12  SCV x2  
  99  11:13  SCV  
  99  11:16  Siege Tank x3  
  99  11:17  Marine x2  
  99  11:18  Marine x5  
  116  11:24  SCV x2  
  116  11:25  SCV  
  121  11:35  Marine x3  
  121  11:36  Marine  
  115  11:48  Siege Tank x3  
  124  12:11  Bunker  
  124  12:14  Command Center  
  124  12:16  Marine  
  124  12:21  Terran Vehicle Weapons Level 1, Terran Vehicle And Ship Armor Level 1  
  125  12:26  Marine x6, Siege Tank  
  125  12:27  Supply Depot  
  125  12:28  Supply Depot  
  134  12:34  Marine  
  135  12:44  Marine x6  
  141  12:52  Marine  
  134  13:02  Marine x6  
  138  13:10  Marine  
  139  13:13  Command Center  
  139  13:19  Marine x3  
  129  13:20  Marine  
  73  14:01  Marine x5, Marauder  
  73  14:02  Marine  
  62  14:19  Marine  
  62  14:22  Marauder  
  62  14:44  Marauder  
  62  15:05  Marauder  
Tags
 
Add a new tag
Caveats
  • Supply blocks, unpowered buildings, or Contaminate may cause inaccurate times.
  • Supply counts are checked every 10 seconds.